 Dungeon Crawl Stone Soup version 0.18.1-50-g88ac8fd (webtiles) character file.

2332 xarabydun the Ducker (level 9, -5/81 HPs)
             Began as a Deep Dwarf Hunter on Sept 19, 2016.
             Was an Initiate of Elyvilon.
             Slain by an orc warrior
             ... wielding a +0 hand axe
              (9 damage)
             ... on level 7 of the Dungeon.
             The game lasted 00:36:56 (5715 turns).

xarabydun the Ducker (Deep Dwarf Hunter)            Turns: 5715, Time: 00:36:56

Health: -5/81      AC:  8    Str: 13 (16) XL:     9   Next: 19%
Magic:  11/11      EV: 13    Int: 14 (16) God:    Elyvilon [......]
Gold:   310        SH:  0    Dex: 14 (16) Spells: 0 memorised, 8 levels left

rFire  . . .     SeeInvis .     n - +3 hand axe (chop)
rCold  . . .     Gourm    .     u - +0 ring mail
rNeg   . . .     Faith    .     (no shield)
rPois  .         Spirit   .     (no helmet)
rElec  .         Dismiss  .     (no cloak)
rCorr  .         Reflect  .     I - +1 pair of gloves
SustAt .         Harm     .     (no boots)
MR     +....                    (no amulet)
Stlth  ++........               O - +4 ring of intelligence
                                H - ring of flight

@: non-regenerating, somewhat resistant to hostile enchantments, unstealthy
A: damage resistance, recharge devices, sense surroundings 2, slow regeneration
3
a: Device Recharging, Renounce Religion, Evoke Flight


You were on level 7 of the Dungeon.
You worshipped Elyvilon.
Elyvilon was noncommittal.
You were not hungry.

You visited 1 branch of the dungeon, and saw 7 of its levels.
You also visited: Sewer.

You collected 310 gold pieces.

Inventory:

Hand Weapons
 a - a +1 hand crossbow
 n - a +3 hand axe of chopping (weapon)
 p - a +1 flail of protection
 z - a +2 scythe of freezing
 F - a +1 mace of crushing
 J - a +0 dagger of freezing
Missiles
 d - 25 bolts
Armour
 c - a +0 leather armour
 u - a +0 ring mail (worn)
 I - a +1 pair of gloves (worn)
 Q - a +0 chain mail of fire resistance
Jewellery
 h - a +2 ring of intelligence
 H - a ring of flight (left hand)
 O - a +4 ring of intelligence (right hand)
Wands
 b - a wand of random effects (21/48)
 e - a wand of heal wounds (0/9)
 q - a wand of flame (34/48)
 M - a wand of iceblast (5/15)
Scrolls
 g - 5 scrolls of identify
 t - 2 scrolls of enchant weapon
 y - a scroll of magic mapping {unknown}
 C - a scroll of blinking
 D - 2 scrolls of teleportation
 G - 3 scrolls of random uselessness {unknown}
 P - a scroll of fear {unknown}
Potions
 j - a potion of ambrosia {unknown}
 k - a potion of invisibility
 l - a potion of flight {unknown}
 m - a potion of magic {unknown}
 r - 2 potions of agility {unknown}
 s - a potion of brilliance
 x - 2 potions of might
 B - 2 potions of curing
 N - a potion of lignification {unknown}
Books
 o - a book of the Warp

   Spells                             Type                      Level
   a - Recall                         Summoning/Translocation      3
   b - Gell's Gravitas                Hexes/Translocation          3
   c - Force Lance                    Conjuration/Translocation    4
   d - Warp Weapon                    Charms/Translocation         5
   e - Summon Forest                  Summoning/Translocation      5
Comestibles
 f - 4 bread rations
 i - 2 beef jerkies
 v - 3 chunks of flesh
 w - a slice of pizza
 A - 3 meat rations
 E - 13 fruits


   Skills:
 * Level 5.2 Fighting
 * Level 6.3 Axes
 + Level 5.8 Crossbows
 + Level 5.0 Armour
 + Level 6.3 Dodging
 + Level 3.9 Stealth
 * Level 4.4 Evocations


You had 8 spell levels left.
You didn't know any spells.

Dungeon Overview and Level Annotations

Branches:
Dungeon (7/15)
 Temple: D:4-7

Altars:
Ashenzari
Elyvilon
Fedhas
Qazlal
Trog
Vehumet
Xom
Zin


Innate Abilities, Weirdness & Mutations

You are resistant to damage.
You can recharge devices by infusing magical energy.
You passively map the area around you.
You do not regenerate naturally.


Message History

Aim: an orc, wielding a war axe You shoot a bolt.
The bolt hits the orc warrior but does no damage.
The orc warrior is moderately wounded.
The orc warrior hits you with a hand axe!
* * * LOW HITPOINT WARNING * * *
Firing (i - inventory):
d - 26 bolts (quivered)
Press: ? - help, Shift-Dir - straight line, f/p - orc
Aim: an orc, wielding a war axe You shoot a bolt.
The bolt closely misses the orc warrior.
The bolt closely misses the soldier ant.
The bolt hits the orc.
The orc is severely wounded.
The orc warrior hits you with a hand axe!
* * * LOW HITPOINT WARNING * * *
Wield which item (- for none, * to show all)? (? for menu, Esc to quit)
n - a +3 hand axe of chopping (weapon)
The orc warrior hits you with a hand axe!
You die...

, , * ,,, ,,,, , , ,, ,
,, .. * * *,, , , , ,,
o# * *, , , .. , , ,
#### #. * * , #.. , #.##
, * * #.# * *..#
###########.#########.##
,
.......@oaoo)...........
,
###########o#.....#...(#
, * ** #.#.###.#.##.# ,
, , , #...# #.#<.#.# ,
##### #.#..#.. ,, , *
#o#..#o. , , ,,,, ,,,
#.####.. , , , , *
#.....o. , , ,, ,
*#######


You could see a soldier ant, an orc warrior and 3 orcs.

Vanquished Creatures
  The ghost of Yuan the Skirmisher, an amateur DsAs (D:3)
  Grinder (D:6)
  Sigmund (D:3)
  Edmund (D:6)
  Duvessa (D:6)
  A water moccasin (D:6)
  An orc warrior (D:6)
  A sky beast (D:6)
  4 giant frogs
  Dowan (D:6)
  2 scorpions
  A quasit (D:5)
  A giant frog zombie (D:5)
  4 hounds
  A giant frog skeleton (D:5)
  3 orc wizards
  A centaur skeleton (D:6)
  Jessica (D:2)
  3 worker ants
  A killer bee zombie (D:5)
  A hound zombie (D:5)
  4 gnolls (D:2)
  14 adders
  10 oozes
  A worm (D:4)
  2 dart slugs
  16 giant geckos
  26 orcs
  17 giant cockroaches
  15 goblins
  10 hobgoblins
  2 quokkas
  9 ball pythons (Sewer)
  7 bats
  A giant cockroach zombie (D:6)
  17 giant newts
  8 kobolds
  12 rats
203 creatures vanquished.

Vanquished Creatures (others)
  A rat (D:2)
1 creature vanquished.

Grand Total: 204 creatures vanquished

Notes
Turn   | Place    | Note
--------------------------------------------------------------
     0 | D:1      | xarabydun the Deep Dwarf Hunter began the quest for the Orb.
     0 | D:1      | Reached XP level 1. HP: 19/19 MP: 1/1
   565 | D:1      | Reached XP level 2. HP: 23/26 MP: 2/2
  1240 | D:2      | Noticed an angel
  1241 | D:2      | Found a glowing silver altar of Zin.
  1242 | D:2      | Found a shimmering altar of Xom.
  1258 | D:2      | Noticed Jessica
  1261 | D:2      | Killed Jessica
  1261 | D:2      | Reached XP level 3. HP: 23/32 MP: 3/3
  1267 | D:2      | Reached skill level 5 in Crossbows
  1269 | D:2      | Reached skill level 1 in Axes
  1269 | D:2      | Reached skill level 1 in Armour
  1272 | D:2      | Reached XP level 4. HP: 29/40 MP: 4/4
  1463 | D:2      | Found a bloodstained altar of Trog.
  1549 | D:2      | Found a faded altar to an unknown god.
  1695 | D:2      | Found a stormy altar of Qazlal.
  1988 | D:1      | Reached XP level 5. HP: 20/46 MP: 5/5
  2314 | D:3      | Noticed Yuan's ghost (amateur DsAs)
  2333 | D:3      | Killed Yuan's ghost
  2333 | D:3      | Reached XP level 6. HP: 39/56 MP: 6/6
  2435 | D:3      | Found a radiant altar of Vehumet.
  2589 | D:3      | Found a blossoming altar of Fedhas.
  2687 | D:3      | Noticed Sigmund
  2718 | D:3      | Killed Sigmund
  2718 | D:3      | Reached XP level 7. HP: 16/62 MP: 7/7
  2904 | D:4      | Found a glowing drain.
  2963 | D:4      | Reached skill level 1 in Evocations
  2970 | Sewer    | Entered a sewer
  3417 | Sewer    | Reached skill level 5 in Dodging
  3813 | D:4      | Reached XP level 8. HP: 44/72 MP: 9/9
  4060 | D:5      | Entered Level 5 of the Dungeon
  4219 | D:5      | Found a bloodstained altar of Trog.
  4510 | D:5      | Found a white marble altar of Elyvilon.
  4886 | D:5      | Became a worshipper of Elyvilon the Healer
  5144 | D:6      | Reached skill level 5 in Axes
  5238 | D:6      | Noticed Duvessa
  5245 | D:6      | Noticed Dowan
  5264 | D:6      | Killed Duvessa
  5289 | D:6      | Killed Dowan
  5310 | D:6      | Found a shattered altar of Ashenzari.
  5377 | D:6      | Noticed Grinder
  5439 | D:6      | Killed Grinder
  5515 | D:6      | Noticed Edmund
  5534 | D:6      | Reached skill level 5 in Fighting
  5534 | D:6      | Gained mutation: You passively map the area around you. [Deep Dwarf growth]
  5534 | D:6      | Reached XP level 9. HP: 42/81 MP: 10/12
  5570 | D:6      | Killed Edmund
  5660 | D:6      | Reached skill level 5 in Armour
  5714 | D:7      | HP: 4/81 [orc warrior/hand axe (15)]
  5715 | D:7      | Slain by an orc warrior

Skill      XL: |  1  2  3  4  5  6  7  8  9 |
---------------+----------------------------+-----
Fighting       | 2 3 5 |  5.2
Crossbows      | 5 |  5.8
Axes           | 1 2 4 6 |  6.3
Armour         | 1 2 3 4 5 |  5.0
Stealth        | 2 3 |  3.9
Dodging        | 4 5 6 |  6.3
Evocations     | 1 4 |  4.4

Action                   |  1- 3 |  4- 6 |  7- 9 || total
-------------------------+-------+-------+-------++-------
Melee: Hand axe          |    46 |   176 |   491 ||   713
 Fire: Hand crossbow     |    29 |    22 |    13 ||    64
 Abil: Device Recharging |       |       |     1 ||     1
Evoke: Wand              |       |     5 |    11 ||    16
  Use: Potion            |       |     4 |     1 ||     5
       Scroll            |       |     1 |     9 ||    10
 Stab: Sleeping          |       |     3 |     1 ||     4
       Distracted        |       |     1 |       ||     1
  Eat: Chunk             |       |     2 |     9 ||    11
       Bread ration      |       |     1 |       ||     1
       Beef jerky        |       |       |     1 ||     1
Armor: Leather armour    |    30 |    28 |       ||    58
       Ring mail         |       |     4 |   160 ||   164
Dodge: Dodged            |    64 |   143 |   350 ||   557
